 Dungeon Crawl Stone Soup version 0.23-a0-445-g768d57b (webtiles) character file.

84 Lavandula the Chucker (level 4, -1/29 HPs)
             Began as an Octopode Hunter on Nov 17, 2018.
             Slain by a worker ant (7 damage)
             ... on level 4 of the Dungeon.
             The game lasted 00:04:31 (827 turns).

Lavandula the Chucker (Octopode Hunter)              Turns: 827, Time: 00:04:31

Health: -1/29      AC:  1    Str: 12    XL:     4   Next: 46%
Magic:  4/4        EV: 13    Int: 13    God:
Gold:   92         SH:  0    Dex: 12    Spells: 3/3 levels left

rFire    . . .     SeeInvis .     - Unarmed
rCold    + . .     Gourm    .   (no shield)
rNeg     . . .     Faith    .   (helmet restricted)
rPois    .         Spirit   .   (no amulet)
rElec    .         Reflect  .   o - ring of protection from cold
rCorr    .         Harm     .   (no ring)
MR       .....                  (no ring)
Stlth    +++.......             (no ring)
HPRegen  0.09/turn              (no ring)
MPRegen  0.09/turn              (no ring)
                                (no ring)
                                (no ring)

@: lethally poisoned (-1 -> -6)
A: almost no armour, stealthy swim, amphibious, 8 rings, constrict 8, camouflage
1, gelatinous body 1
a: no special abilities


You were on level 4 of the Dungeon.
You were not hungry.

You visited 1 branch of the dungeon, and saw 5 of its levels.

You collected 92 gold pieces.

Inventory:

Hand Weapons
 m - a +0 spear
Missiles
 c - 2 throwing nets (quivered)
 h - 17 sling bullets
Jewellery
 o - a ring of protection from cold (left tentacle)
Wands
 p - a wand of iceblast (7)
Scrolls
 f - 3 scrolls of remove curse {unknown}
 i - 2 scrolls of noise {unknown}
 j - 3 scrolls of teleportation {unknown}
 l - 2 scrolls of identify {unknown}
Potions
 a - a potion of flight {unknown}
 e - a potion of heal wounds {unknown}
 g - 2 potions of curing {unknown}
 k - 2 potions of might {unknown}
 n - 2 potions of cancellation {unknown}
Comestibles
 d - 10 rations


   Skills:
 - Level 2.0 Fighting
 - Level 4.0 Throwing
 - Level 2.0 Dodging
 - Level 1.3 Stealth
 + Level 3.9 Unarmed Combat


You had 3 spell levels left.
You didn't know any spells.
Your spell library was empty.

Dungeon Overview and Level Annotations

Branches:
Dungeon (5/15)
 Temple: D:4-7

Altars:
Fedhas
Uskayaw


Innate Abilities, Weirdness & Mutations

You cannot wear most types of armour.
You are very stealthy in the water. (Stealth+)
You are amphibious.
You can wear up to eight rings at the same time.
You can use your tentacles to constrict eight enemies at once.
Your skin changes colour to match your surroundings (Stealth+).
Your rubbery body absorbs attacks. (AC +1, EV +1)


Message History

You throw a javelin.
The javelin hits the slave but does no damage.
The slave is almost dead.
You constrict the slave.
You kill the slave!
That felt strangely unrewarding.
The worker ant closely misses you.
Unknown command.
You tentacle-slap the worker ant but do no damage.
You grab the worker ant.
You constrict the worker ant, but do no damage.
The worker ant bites you.
* * * LOW HITPOINT WARNING * * *
You are poisoned.
The worker ant poisons you!
You tentacle-slap the worker ant.
The worker ant is lightly wounded.
You constrict the worker ant.
* * * LOW HITPOINT WARNING * * *
You feel sick. The worker ant bites you!
You die...

#.#
#.#
#.#
#.#
#.#
#.#
###.#
#.#
#...#
#.#
#.###
#.#
#.#
#.#
#.#
#.#
#@#
#.#
#a#
###
#.#
#(#
#.#
#.#
#(#
#(##
#..#


You could see a worker ant.

Vanquished Creatures
  A slave (D:4)
  A crimson imp (D:4)
  An adder (D:2)
  2 worms
  3 orcs (D:4)
  8 bats
  6 hobgoblins
  2 jackals (D:1)
  3 frilled lizards
  4 goblins (D:1)
  4 kobolds
35 creatures vanquished.

Notes
Turn   | Place    | Note
-------+----------+-------------------------------------------
     0 | D:1      | Lavandula the Octopode Hunter began the quest for the Orb.
     0 | D:1      | Reached XP level 1. HP: 14/14 MP: 1/1
    14 | D:1      | Reached skill level 1 in Unarmed Combat
   103 | D:1      | Reached XP level 2. HP: 15/19 MP: 2/2
   187 | D:2      | Reached XP level 3. HP: 14/24 MP: 3/3
   589 | D:3      | Found a blossoming altar of Fedhas.
   676 | D:5      | Entered Level 5 of the Dungeon
   694 | D:4      | Reached XP level 4. HP: 29/29 MP: 4/4
   802 | D:4      | Noticed a slave
   803 | D:4      | Found a hide-covered altar of Uskayaw.
   803 | D:4      | Noticed a slave
   825 | D:4      | Killed a slave
   827 | D:4      | Slain by a worker ant

Vault maps used:
D:1:      dpeg_arrival_rooms_with_view, minmay_pentomino_p4
D:2:      nicolae_ru_the_path_less_chosen, patterned_corridor, uniq_robin
D:3:      nicolae_overflow_crystal_walls, lemuel_doored_altar,
          gammafunk_ghost_grave, kennysheep_nub, grunt_ministairs_9,
          minmay_ogre_servants, uniq_natasha
D:4:      eat_drink_and_be_merry_uskayaw, minmay_temple_entry_antechambers,
          uniq_crazy_yiuf_cottage, uniq_grinder, uniq_pikel
D:5:      kennysheep_kobold_camp, trog_eyes_of_draining, serial_shops, shop,
          first_ration, lemuel_tele_altar

Skill      XL: |  1  2  3 |
---------------+----------+-----
Unarmed Combat | 1 2 3 |  3.9
Fighting       | |  2.0
Throwing       | |  4.0
Dodging        | |  2.0
Stealth        | |  1.3

Action                   |  1- 3 |  4- 6 || total
-------------------------+-------+-------++-------
Melee: Unarmed           |    58 |     7 ||    65
       Constrict         |    20 |     3 ||    23
       Tentacles         |    16 |     1 ||    17
       Punch             |     1 |     1 ||     2
Throw: Javelin           |    12 |     7 ||    19
 Stab: Sleeping          |     2 |       ||     2
Armor: Skin              |     3 |       ||     3
Dodge: Dodged            |    43 |     5 ||    48

Table legend:
 A = Non-vault XP
 B = Vault XP
 C = Vault XP percentage of total XP
 D = Non-vault monster count
 E = Vault monster count
 F = Vault count percentage of total count
                 A         B        C        D         E       F
            +---------+---------+-------+---------+---------+-------
      Total |     107 |      14 |  11.6 |      27 |       7 |  20.6
            +---------+---------+-------+---------+---------+-------
        D:1 |      21 |       8 |  27.6 |      13 |       5 |  27.8
        D:2 |      27 |       0 |   0.0 |       8 |       0 |   0.0
        D:3 |       1 |       6 |  85.7 |       1 |       2 |  66.7
        D:4 |      58 |       0 |   0.0 |       5 |       0 |   0.0
            +---------+---------+-------+---------+---------+-------
